[Event "*** Titled Tuesday Blitz"]
[Site "Chess.com"]
[Date "2021.03.16"]
[Round "5"]
[White "XDPS"]
[Black "BogdanDeac"]
[Result "1/2-1/2"]
[WhiteElo "2815"]
[BlackElo "2981"]
[TimeControl "180+1"]
[EndTime "10:58:47 PDT"]
[Termination "Game drawn - insufficient material"]

1. e4 e5 2. Nf3 Nc6 3. Bb5 Nf6 4. Nc3 Bb4 5. O-O O-O 6. Nd5 Be7 7. Nxe7+ Qxe7 8. Re1 Qc5 9. Bf1 d5 10. exd5 Qxd5 11.
d3 Bg4 12. Be2 Rfe8 13. Be3 Rad8 14. a3 Qd6 15. h3 Bh5 16. Qc1 Nd5 17. Bd2 f6 18. b4 a6 19. Qb2 Bf7 20. Bf1 Nde7 21. a4 Bd5 22. Nh2 Nd4 23. b5 axb5 24. axb5 b6 25.
Bb4 Qd7 26. c3 Ndf5 27. Ng4 Bf7 28. Ra7 Nd5 29. Ba3 Nf4 30. Rd1 h5 31. Ne3 Bg6 32. Nxf5 Bxf5 33. d4 e4 34. c4 Nd3 35. Qc3 Ra8 36.
Rxa8 Rxa8 37. c5 Rd8 38. c6 Qd5 39. f3 Nf4 40. Bc4 Kh8 41. Bc1 Qd6 42. fxe4 Bxe4 43. Qg3 Nd5 44. Qxd6 Rxd6 45. Re1 f5 46. Bg5 Nc3 47. Bf4 Rxd4 48. Bf1 Nd5 49. Be5 Rd2 50. Ra1 Ne3 51. Bf4 Nxf1 52. Bxd2 Nxd2 53. Ra8+ Kh7 54.
Rc8 Bd3 55. Rxc7 Bxb5 56. Rd7 Ne4 57. Rc7 Nc5 58. Rc8 Na6 59. c7 Kg6 60. Rb8 Nxc7 61. Rxb6+ Kg5 62. Rb7 Nd5 63. Rxb5 Nf6 64. Rb7 g6 65.
Kh2 h4 66. Rb4 Nh5 67. Kg1 Ng3 68. Kf2 Nh5 69. Kf3 Nf6 70. Rb8 Nh5 71. Rb4 Ng3 72.
Rb6 Nh5 73. Ke3 Nf4 74. Rb2 Nh5 75. Kf3 Nf6 76. Rb4 Nd5 77. Rc4 Nf6 78. g3 hxg3 79. Kxg3 Nh5+ 80. Kf3 Nf6 81. h4+ Kh5 82. Kg3 Ne4+ 83.
Kh3 Nf2+ 84. Kg2 Ne4 85. Kh3 Nf2+ 86. Kg2 Ng4 87. Kg3 Kh6 88. Rc8 Nf6 89. Rh8+ Kg7 90. Ra8 Nh5+ 91. Kf3 Kh6 92. Rh8+ Kg7 93. Ra8 Kh6 94.
Rg8 Nf6 95. Rh8+ Kg7 96. Rb8 Nh5 97. Ke3 Kh6 98. Kd4 f4 99. Ke4 Kg7 100. Rb6 Kf7 101.
Kf3 Kg7 102. Kg4 Nf6+ 103. Kf3 Nh5 104. Ra6 Kf7 105. Kg4 Nf6+ 106. Kg5 Nh7+ 107. Kxf4 Kg7 108. Ke5 Kh6 109. Ra7 g5 110. h5 g4 111. Kf5 g3 112. Ra6+ Kxh5 113. Rg6 g2 114. Rxg2 Kh6 115. Rg6+ Kh5 116. Rg1 Kh6 117. Rh1+ Kg7 118. Rh2 Nf8 119. Rg2+ Kf7 120. Ra2 Ke7 121. Ra7+ Nd7 122. Rb7 Kd6 123. Rb1 Nc5 124. Rd1+ Kc6 125. Ke5 Nd7+ 126. Kd4 Nb6 127. Rf1 Nd7 128. Rf5 Kd6 129. Rh5 Ke6 130. Ra5 Nf6 131. Ra6+ Kf5 132. Rb6 Ng4 133. Rb5+ Kf4 134. Rb1 Kf5 135. Rf1+ Ke6 136. Ke4 Nf6+ 137. Rxf6+ Kxf6 1/2-1/2

[Event "*** Titled Tuesday Blitz"]
[Site "Chess.com"]
[Date "2021.03.16"]
[Round "6"]
[White "Aslanov_Umid"]
[Black "nss13"]
[Result "1-0"]
[WhiteElo "2407"]
[BlackElo "2587"]
[TimeControl "180+1"]
[EndTime "11:01:19 PDT"]
[Termination "Aslanov_Umid won by resignation"]

1. e4 c5 2. Nf3 e6 3. d4 cxd4 4. Nxd4 Nc6 5. Nc3 Qc7 6. g3 a6 7. Bg2 Nf6 8. O-O Nxd4 9. Qxd4 Bc5 10. Qd1 Ng4 11. Qxg4 1-0

[Event "*** Titled Tuesday Blitz"]
[Site "Chess.com"]
[Date "2021.03.16"]
[Round "6"]
[White "Sokoloco"]
[Black "Soltan49"]
[Result "1-0"]
[WhiteElo "2421"]
[BlackElo "2215"]
[TimeControl "180+1"]
[EndTime "11:01:31 PDT"]
[Termination "Sokoloco won by resignation"]

1. b3 b6 2. Bb2 Bb7 3. e3 Nf6 4.
f4 c5 5. Nf3 d6 6. Bb5+ Nbd7 7.
O-O a6 8. Be2 g6 9. c4 Bg7 10. Nc3 O-O 11. Rb1 Ne4 12. Nxe4 Bxb2 13. Nxd6 Bxf3 14. Bxf3 Rb8 15. Nxf7 Bf6 16. Nxd8 1-0

[Event "*** Titled Tuesday Blitz"]
[Site "Chess.com"]
[Date "2021.03.16"]
[Round "6"]
[White "Ermito2020"]
[Black "The_filthy"]
[Result "1-0"]
[WhiteElo "2523"]
[BlackElo "2310"]
[TimeControl "180+1"]
[EndTime "11:01:32 PDT"]
[Termination "Ermito2020 won by resignation"]

1. e4 e6 2. d4 d5 3. Nc3 Nf6 4. e5 Nfd7 5. f4 c5 6. Nf3 Nc6 7. Be3 Be7 8. Qd2 O-O 9. dxc5 Nxc5 10. O-O-O Bd7 11. Kb1 a6 12. Bxc5 Bxc5 13. f5 exf5 14. Qxd5 Qb6 15. Qxd7 Rad8 16. Qxf5 Rxd1+ 17. Nxd1 Rd8 18. Bd3 g6 19. Qf6 Qa5 20. Ng5 Rd7 21. e6 1-0

[Event "*** Titled Tuesday Blitz"]
[Site "Chess.com"]
[Date "2021.03.16"]
[Round "6"]
[White "AwareIdea"]
[Black "NateSolon"]
[Result "0-1"]
[WhiteElo "2430"]
[BlackElo "2562"]
[TimeControl "180+1"]
[EndTime "11:01:48 PDT"]
[Termination "NateSolon won by checkmate"]

1. d4 Nf6 2. c4 e6 3. g3 d5 4.
Bg2 Be7 5. Nf3 O-O 6. Nc3 dxc4 7.
Ne5 Nc6 8. Bxc6 bxc6 9. Nxc6 Qe8 10. Nxe7+ Qxe7 11. Qa4 e5 12. dxe5 Qxe5 13. Qxc4 Bb7 14. Bf4 Qh5 15. f3 Rfe8 16. Kf2 Re6 17. Qxc7 Bc6 18.
Rad1 Rae8 19. Rd8 Rxe2+ 20. Nxe2 Qxf3+ 21. Kg1 Qg2# 0-1

[Event "*** Titled Tuesday Blitz"]
[Site "Chess.com"]
[Date "2021.03.16"]
[Round "6"]
[White "boasovietica"]
[Black "dpopadic"]
[Result "0-1"]
[WhiteElo "2430"]
[BlackElo "2337"]
[TimeControl "180+1"]
[EndTime "11:01:48 PDT"]
[Termination "dpopadic won by resignation"]

1. e4 c5 2. Nf3 Nc6 3. d4 cxd4 4. Nxd4 Nf6 5. Nc3 e5 6. Nxc6 bxc6 7. Bd3 d6 8. O-O Be7 9. f4 exf4 10. Bxf4 Qb6+ 11. Kh1 Qxb2 12. Qd2 Qb8 13. Rab1 Qc7 14. Rbe1 Nd7 15.
Nd5 cxd5 16. exd5 Ne5 17. Bxe5 dxe5 18. d6 Qxd6 19. Rd1 O-O 20. Qf2 Qh6 0-1

[Event "*** Titled Tuesday Blitz"]
[Site "Chess.com"]
[Date "2021.03.16"]
[Round "6"]
[White "aljado"]
[Black "ChrisTool2"]
[Result "0-1"]
[WhiteElo "2127"]
[BlackElo "2338"]
[TimeControl "180+1"]
[EndTime "11:01:55 PDT"]
[Termination "ChrisTool2 won by resignation"]

1. e4 e6 2. d4 d5 3. e5 c5 4. c3 Nc6 5. Nf3 Qb6 6. Bd3 cxd4 7. cxd4 Bd7 8. O-O Nxd4 9. Nc3 a6 10. Be3 Nxf3+ 11. Qxf3 d4 12. Bg5 dxc3 13. bxc3 Bc6 14. Qg3 Be7 15. Bxe7 Nxe7 0-1

[Event "*** Titled Tuesday Blitz"]
[Site "Chess.com"]
[Date "2021.03.16"]
[Round "6"]
[White "Taran2004"]
[Black "MatyChess1"]
[Result "1-0"]
[WhiteElo "2448"]
[BlackElo "2600"]
[TimeControl "180+1"]
[EndTime "11:02:02 PDT"]
[Termination "Taran2004 won by resignation"]

1. e4 c5 2. Nf3 d6 3. d4 cxd4 4. Qxd4 Nf6 5. e5 Nc6 6. Bb5 Nd7 7. Bxc6 bxc6 8. exd6 exd6 9. O-O Qf6 10. Re1+ Be7 11. Bg5 Qxd4 12. Rxe7+ Kf8 13. Nxd4 Ne5 14. Rc7 c5 15.
Be7+ Ke8 16. Bxd6 Nd7 17. Nf5 Kd8 18. Nc3 Re8 19. Rc6 Bb7 20. Bc7+ 1-0

[Event "*** Titled Tuesday Blitz"]
[Site "Chess.com"]
[Date "2021.03.16"]
[Round "6"]
[White "Srisshhhtea"]
[Black "gxbg2000"]
[Result "1-0"]
[WhiteElo "2293"]
[BlackElo "1969"]
[TimeControl "180+1"]
[EndTime "11:02:04 PDT"]
[Termination "Srisshhhtea won by resignation"]

1. d4 d5 2. c4 e6 3. Nf3 Nf6 4.
Nbd2 Be7 5. Qc2 h6 6. e3 c6 7. Bd3 Nbd7 8. b3 a6 9. Bb2 Qc7 10. h3 Qd6 11. O-O-O b5 12. c5 Qc7 13. g4 a5 14. g5 hxg5 15. Nxg5 b4 16. Bg6 Rf8 17. Nxe6 1-0

[Event "*** Titled Tuesday Blitz"]
[Site "Chess.com"]
[Date "2021.03.16"]
[Round "6"]
[White "MartinMatthiesen"]
[Black "aa175"]
[Result "1-0"]
[WhiteElo "2390"]
[BlackElo "2551"]
[TimeControl "180+1"]
[EndTime "11:02:13 PDT"]
[Termination "MartinMatthiesen won by resignation"]

1. d4 e5 2. dxe5 Nc6 3. Nf3 Bc5 4. Nc3 d6 5. Ne4 Bb6 6. exd6 Bf5 7. Qd5 Nge7 8. Qc4 cxd6 9. Ng3 d5 10. Qb3 Be4 11. e3 Nb4 12. Bd3 Bxd3 13. cxd3 Rc8 14. O-O O-O 15.
Qxb4 Ba5 16. Qb3 1-0

[Event "*** Titled Tuesday Blitz"]
[Site "Chess.com"]
[Date "2021.03.16"]
[Round "6"]
[White "MuhittinBuker"]
[Black "MateusViageiro"]
[Result "0-1"]
[WhiteElo "2189"]
[BlackElo "2364"]
[TimeControl "180+1"]
[EndTime "11:02:42 PDT"]
[Termination "MateusViageiro won by resignation"]

1. d4 d5 2. c4 e6 3. Nc3 Nf6 4.
Bg5 a6 5. cxd5 exd5 6. Nf3 Nbd7 7. e3 h6 8. Bh4 c6 9. Bd3 Be7 10. O-O O-O 11. Qc2 Re8 12. Rab1 Ne4 13. Bxe7 Qxe7 14. Bxe4 dxe4 15. Nd2 Nf6 16. b4 a5 17. b5 c5 18. d5 Qe5 19. Nc4 Qh5 20. d6 Ng4 21. h3 Nf6 22. Qd1 Bg4 23. Ne2 Bxe2 0-1

[Event "*** Titled Tuesday Blitz"]
[Site "Chess.com"]
[Date "2021.03.16"]
[Round "6"]
[White "PavelShkapenko"]
[Black "winniethepooh04"]
[Result "1-0"]
[WhiteElo "2693"]
[BlackElo "2269"]
[TimeControl "180+1"]
[EndTime "11:02:45 PDT"]
[Termination "PavelShkapenko won by resignation"]

1. e4 e6 2. d4 d5 3. exd5 exd5 4. Nf3 Nf6 5. c4 Be7 6. Nc3 O-O 7. cxd5 Nxd5 8. Bc4 c6 9. O-O Be6 10. Bd3 Nd7 11. Re1 N7f6 12. Bd2 h6 13. a3 Re8 14.
Rxe6 fxe6 15. Bg6 Rf8 16. Qe2 Qd6 17. Re1 Nxc3 18. bxc3 Nd5 19. Bb1 Rae8 20. Ne5 Bd8 21. Qd3 Nf6 22. Bxh6 gxh6 23. Qg6+ Kh8 24. Qxh6+ Kg8 25.
Re3 1-0

[Event "*** Titled Tuesday Blitz"]
[Site "Chess.com"]
[Date "2021.03.16"]
[Round "6"]
[White "Supernotar"]
[Black "tptagain"]
[Result "1/2-1/2"]
[WhiteElo "2718"]
[BlackElo "2861"]
[TimeControl "180+1"]
[EndTime "11:02:46 PDT"]
[Termination "Game drawn by agreement"]

1. d4 f5 2. c4 Nf6 3. Nf3 g6 4. g3 Bg7 5. Bg2 O-O 6. O-O d6 7. Nc3 c6 8. b3 Na6 9. Bb2 Nc7 10. Rc1 Bd7 11. Qc2 b5 12. e4 fxe4 13. Nxe4 bxc4 14.
bxc4 Rb8 15. Ba1 Bf5 16. Nxf6+ Bxf6 17. Qd2 Qd7 18. Rfe1 Bh3 19. d5 Bxg2 20. Kxg2 Bxa1 21. Rxa1 cxd5 22. cxd5 Qf5 1/2-1/2

[Event "*** Titled Tuesday Blitz"]
[Site "Chess.com"]
[Date "2021.03.16"]
[Round "6"]
[White "ckgchess"]
[Black "enriquebutti"]
[Result "1-0"]
[WhiteElo "2771"]
[BlackElo "2234"]
[TimeControl "180+1"]
[EndTime "11:03:01 PDT"]
[Termination "ckgchess won by resignation"]

1. e4 c5 2. c3 e6 3. d4 d5 4. exd5 exd5 5. Nf3 Nc6 6. Bb5 Bd6 7. O-O Ne7 8. dxc5 Bxc5 9. Nbd2 O-O 10. Nb3 Bb6 11. h3 Qd6 12. Re1 Nf5 13. c4 dxc4 14. Bxc4 Qg6 15. Bf4 Rd8 16. Qxd8+ 1-0

[Event "*** Titled Tuesday Blitz"]
[Site "Chess.com"]
[Date "2021.03.16"]
[Round "6"]
[White "lukazz029"]
[Black "Ural_bogatyr"]
[Result "0-1"]
[WhiteElo "2232"]
[BlackElo "2502"]
[TimeControl "180+1"]
[EndTime "11:03:11 PDT"]
[Termination "Ural_bogatyr won by resignation"]

1. e4 e5 2. Nf3 Nc6 3. Bb5 Bc5 4. O-O Nf6 5. d3 d6 6. Ba4 O-O 7. c3 Bb6 8. h3 Ne7 9. Nbd2 c6 10. Nc4 Bc7 11.
Ne3 Ng6 12. Bc2 d5 13. Qe2 Nf4 14. Qe1 N6h5 15. Ng4 f5 16. exf5 Bxf5 17. Bxf4 Nxf4 18. Rc1 Nxh3+ 19. gxh3 Bxg4 20. hxg4 Rxf3 21. Bd1 Qh4 22. Bxf3 e4 0-1

[Event "*** Titled Tuesday Blitz"]
[Site "Chess.com"]
[Date "2021.03.16"]
[Round "6"]
[White "GigaQuparadze"]
[Black "Agnes66678"]
[Result "1-0"]
[WhiteElo "2932"]
[BlackElo "2450"]
[TimeControl "180+1"]
[EndTime "11:03:14 PDT"]
[Termination "GigaQuparadze won by resignation"]

1. e4 d6 2. Nc3 Nf6 3. d4 e5 4. Nf3 Nbd7 5. Bc4 Be7 6. g4 Nxg4 7. Rg1 Nb6 8. Bb3 exd4 9. Nxd4 Bf6 10. Nf5 Bxf5 11.
exf5 Qe7+ 12. Kf1 h5 13. h3 Ne5 14. a4 a5 15. Be3 Nec4 16. Bxc4 Nxc4 17. Nd5 Nxe3+ 18.
fxe3 Qd7 19. e4 Be5 20. Qd2 b6 21. c3 h4 22. Rg4 Qc6 23. Kg2 O-O-O 24. Ne7+ Kb7 25.
Nxc6 Kxc6 1-0

[Event "*** Titled Tuesday Blitz"]
[Site "Chess.com"]
[Date "2021.03.16"]
[Round "6"]
[White "GMJustin"]
[Black "Pinkito"]
[Result "1-0"]
[WhiteElo "2317"]
[BlackElo "2435"]
[TimeControl "180+1"]
[EndTime "11:03:18 PDT"]
[Termination "GMJustin won by resignation"]

1. e4 d5 2. e5 e6 3. d4 c5 4. Qg4 cxd4 5. Nf3 Nc6 6. Bd3 Qc7 7. Bf4 h5 8. Qg3 h4 9. Qg4 Nh6 10.
Qxh4 Nb4 11. O-O Nxc2 12. Rc1 Be7 13. Qh3 Qb6 14. Rxc2 Bd7 15. Nbd2 Bb5 16. Bxb5+ Qxb5 17. Nxd4 Qb6 18. Qd3 a6 19. Rac1 Bd8 20. h3 1-0

[Event "*** Titled Tuesday Blitz"]
[Site "Chess.com"]
[Date "2021.03.16"]
[Round "6"]
[White "MaevskiyNikolay"]
[Black "Oleksandr_Bortnyk"]
[Result "0-1"]
[WhiteElo "2549"]
[BlackElo "2916"]
[TimeControl "180+1"]
[EndTime "11:03:23 PDT"]
[Termination "Oleksandr_Bortnyk won by resignation"]

1. d4 d6 2. Nf3 Nf6 3. g3 g6 4.
Bg2 Bg7 5. O-O O-O 6. c4 Bf5 7. Nc3 Ne4 8. Nh4 Nxc3 9. bxc3 Bc8 10. Qb3 Nc6 11. Rd1 Na5 12. Qb4 c6 13. c5 d5 14.
e4 dxe4 15. Bxe4 Be6 16. Bg2 b6 17. Nf3 Nc4 18. cxb6 axb6 19. Nd2 c5 20. Qb1 cxd4 21. Nxc4 Bxc4 22. Bxa8 Qxa8 23. cxd4 Qf3 24. Rd2 Bd5 25. Kf1 Qh1+ 26. Ke2 Bf3+ 27. Kd3 Be4+ 28. Kc3 Bxb1 29. Rxb1 Rc8+ 30. Kb2 Qe4 0-1

[Event "*** Titled Tuesday Blitz"]
[Site "Chess.com"]
[Date "2021.03.16"]
[Round "6"]
[White "mirochka"]
[Black "Leo_C"]
[Result "1/2-1/2"]
[WhiteElo "2240"]
[BlackElo "2414"]
[TimeControl "180+1"]
[EndTime "11:03:23 PDT"]
[Termination "Game drawn by repetition"]

1. e4 c6 2. d4 d5 3. e5 c5 4. dxc5 e6 5. Be3 Nh6 6. c3 Nf5 7. Bd4 Bd7 8. Nf3 Nc6 9. Bd3 Nfxd4 10. cxd4 b6 11. cxb6 Qxb6 12. Nc3 Qxb2 13. Nb5 Bb4+ 14. Kf1 O-O 15. a3 Be7 16. Rb1 Qa2 17. Ra1 Qb2 18.
Rb1 Qa2 19. Ra1 Qb2 1/2-1/2

[Event "*** Titled Tuesday Blitz"]
[Site "Chess.com"]
[Date "2021.03.16"]
[Round "6"]
[White "UCantHandleDenker"]
[Black "jacky72"]
[Result "1-0"]
[WhiteElo "2519"]
[BlackElo "2692"]
[TimeControl "180+1"]
[EndTime "11:03:27 PDT"]
[Termination "UCantHandleDenker won by checkmate"]

1. Nf3 Nf6 2. g3 g6 3. Bg2 Bg7 4. O-O O-O 5. d3 d6 6. Nbd2 e5 7. e4 Nc6 8. c3 h6 9. b4 a5 10. b5 Ne7 11. a4 Be6 12. Ba3 Qd7 13. Re1 Bh3 14. d4 Bxg2 15. Kxg2 Qe6 16. Qb3 exd4 17. cxd4 Qxb3 18. Nxb3 Rfe8 19. Rac1 Rac8 20. Nxa5 Ra8 21. Nxb7 Rxa4 22. Rxc7 Rxa3 23. Nxd6 Rd8 24. Rxe7 Rxd6 25. e5 Rb6 26. exf6 Bxf6 27. Rd7 Rxb5 28. Re8+ Kg7 29. Ne5 Bxe5 30. dxe5 Ra2 31. Ree7 g5 32. Rxf7+ Kg6 33. Rf6+ Kh5 34. h3 g4 35. Rg7 gxh3+ 36. Kxh3 Rxf2 37.
g4# 1-0

[Event "*** Titled Tuesday Blitz"]
[Site "Chess.com"]
[Date "2021.03.16"]
[Round "6"]
[White "Artem_Sadovsky"]
[Black "platy3"]
[Result "1-0"]
[WhiteElo "2636"]
[BlackElo "2793"]
[TimeControl "180+1"]
[EndTime "11:03:42 PDT"]
[Termination "Artem_Sadovsky won by resignation"]

1. Nf3 Nf6 2. c4 e6 3. b3 d5 4. Bb2 Be7 5. g3 O-O 6. Bg2 b6 7. O-O Bb7 8. d3 c5 9. Nbd2 d4 10. b4 Nbd7 11. b5 Qc7 12. a4 a5 13. e4 dxe3 14. fxe3 Rad8 15. Qe2 Rfe8 16. Ng5 Nf8 17. Bxb7 Qxb7 18. Nde4 Nxe4 19. Rxf7 Nf6 20. Bxf6 gxf6 21.
Qh5 fxg5 22. Raf1 Qb8 23. Rxh7 Nxh7 24. Qg6+ Kh8 25. Rf7 1-0

[Event "*** Titled Tuesday Blitz"]
[Site "Chess.com"]
[Date "2021.03.16"]
[Round "6"]
[White "sokidze"]
[Black "Babas"]
[Result "1-0"]
[WhiteElo "2690"]
[BlackElo "2402"]
[TimeControl "180+1"]
[EndTime "11:03:46 PDT"]
[Termination "sokidze won by resignation"]

1. d4 Nf6 2. g3 c5 3. d5 e6 4. Nc3 exd5 5. Nxd5 Nxd5 6. Qxd5 d6 7. Bg2 Nc6 8. c3 Be6 9. Qd1 Be7 10. Nh3 Qd7 11. Nf4 O-O 12. O-O Rad8 13. e4 Bf6 14. Qc2 b5 15. Rd1 Bg4 16. f3 Be6 17. Be3 Ne5 18. Bxc5 Qc6 19. Bf2 d5 20. exd5 Bxd5 21. Nxd5 Rxd5 22. f4 1-0

[Event "*** Titled Tuesday Blitz"]
[Site "Chess.com"]
[Date "2021.03.16"]
[Round "6"]
[White "Storne89"]
[Black "renehp"]
[Result "1/2-1/2"]
[WhiteElo "2616"]
[BlackElo "2470"]
[TimeControl "180+1"]
[EndTime "11:03:49 PDT"]
[Termination "Game drawn by repetition"]

1. d4 d5 2. c4 c6 3. cxd5 cxd5 4. Nc3 Nf6 5. Bf4 Nc6 6. e3 Bf5 7. Qb3 Qb6 8. Bb5 e6 9. Nf3 Be7 10. O-O O-O 11. Ne5 Nxe5 12. dxe5 Ne4 13. Nxe4 Bxe4 14. a4 a6 15. Bc4 Qxb3 16. Bxb3 Rfc8 17. Rfc1 g5 18.
Bg3 Bb4 19. f3 Bg6 20. Kf2 Kf8 21. Ke2 Ke7 22. Be1 Bxe1 23. Kxe1 Kd7 24. Kd2 h5 25. h4 gxh4 26. Rxc8 Rxc8 27. Rh1 Rc6 28. Rxh4 Rb6 29. Kc3 Rc6+ 30. Kb4 Rb6+ 31. Kc3 Rc6+ 32. Kd2 Rb6 33. Kc3 1/2-1/2

[Event "*** Titled Tuesday Blitz"]
[Site "Chess.com"]
[Date "2021.03.16"]
[Round "6"]
[White "bakki78"]
[Black "GameOverBro"]
[Result "1-0"]
[WhiteElo "2774"]
[BlackElo "2524"]
[TimeControl "180+1"]
[EndTime "11:04:03 PDT"]
[Termination "bakki78 won by resignation"]

1. e4 d6 2. d4 Nf6 3. Nc3 e5 4. Nge2 Nbd7 5. g3 c6 6. Bg2 b5 7.
a3 Bb7 8. O-O Be7 9. h3 h5 10. f4 a5 11. d5 b4 12. dxc6 Bxc6 13.
Nd5 Nxd5 14. exd5 Bb5 15. fxe5 Nxe5 16. Re1 h4 17. Nd4 Bd7 18. Nc6 Bxc6 19. dxc6 Qc7 20.
axb4 hxg3 21. b5 Rb8 22. Qd5 Qb6+ 23. Be3 Qxb5 24. c7 O-O 25. cxb8=Q Qxb8 26. Bd4 Bf6 27. Rxa5 Qb4 28. Bc3 Qh4 29. Rf1 Rc8 30. Ra8 Rxa8 31. Qxa8+ 1-0

[Event "*** Titled Tuesday Blitz"]
[Site "Chess.com"]
[Date "2021.03.16"]
[Round "6"]
[White "SaqoChess_Twitch"]
[Black "Frolyanov_D"]
[Result "0-1"]
[WhiteElo "2491"]
[BlackElo "2676"]
[TimeControl "180+1"]
[EndTime "11:04:10 PDT"]
[Termination "Frolyanov_D won by resignation"]

1. d4 d5 2. e3 Nf6 3. Nf3 c6 4. Be2 Bf5 5. O-O h6 6. b3 e6 7.
Bb2 Nbd7 8. Ne5 Nxe5 9. dxe5 Nd7 10. f4 Bc5 11. Bd4 Be7 12. Nd2 Qc7 13. c4 O-O 14.
cxd5 cxd5 15. Qc1 Qa5 16. Bc3 Qb6 17. Bd4 Bc5 18. Bxc5 Nxc5 19. Qb2 Na4 20. Qd4 Qxd4 21. exd4 Nc3 22. Kf2 Rac8 23. Rfc1 a5 24. h3 b5 25. g4 Bh7 26. Nf1 b4 27. Ne3 f6 28. Ke1 fxe5 29.
fxe5 Rf4 30. a3 Re4 31. Kd2 Rxd4+ 32. Ke1 Re4 33. Kd2 d4 34. axb4 dxe3+ 35. Ke1 axb4 36. Bd3 Rxe5 37. Bxh7+ Kxh7 0-1

[Event "*** Titled Tuesday Blitz"]
[Site "Chess.com"]
[Date "2021.03.16"]
[Round "6"]
[White "Schachmalanders"]
[Black "jraosam"]
[Result "1-0"]
[WhiteElo "2362"]
[BlackElo "1892"]
[TimeControl "180+1"]
[EndTime "11:04:14 PDT"]
[Termination "Schachmalanders won by resignation"]

1. e4 c5 2. Nf3 d6 3. Bb5+ Nd7 4. Ba4 a6 5. c4 g6 6. O-O Bg7 7. Nc3 Nf6 8. d4 cxd4 9. Nxd4 O-O 10. Be3 Nc5 11. Bc2 Ng4 12. Bg5 h6 13. Bh4 g5 14. Bg3 Ne5 15. Qe2 Ne6 16. Nf5 Nf4 17. Bxf4 gxf4 18. Nxg7 f3 19. gxf3 Kxg7 20. Kh1 Kh8 21.
f4 Nc6 22. Qh5 f5 23. exf5 Rf6 24. Nd5 Qg8 1-0

[Event "*** Titled Tuesday Blitz"]
[Site "Chess.com"]
[Date "2021.03.16"]
[Round "6"]
[White "Meri-Arabidze"]
[Black "Onischuk_V"]
[Result "0-1"]
[WhiteElo "2658"]
[BlackElo "2837"]
[TimeControl "180+1"]
[EndTime "11:04:17 PDT"]
[Termination "Onischuk_V won by resignation"]

1. d4 d6 2. Nf3 g6 3. g3 Bg7 4. Bg2 Nf6 5. O-O O-O 6. c4 Nc6 7.
Nc3 e5 8. dxe5 dxe5 9. Bg5 Be6 10. Qc1 Qc8 11. Rd1 Nd7 12. b3 f6 13. Bh6 Rf7 14.
Bxg7 Kxg7 15. Ne1 Nd4 16. e3 Nf5 17. Nd3 c6 18. Ne4 Qf8 19. b4 Rd8 20. Ndc5 Nxc5 21. Rxd8 Qxd8 22. Nxc5 Bc8 23. Qd1 Qc7 24. Qf3 Nd6 25. Qe2 b6 26. Ne4 Nxe4 27. Bxe4 Qd6 28.
Rd1 Qxb4 29. Bxc6 h5 30. Bd5 Rc7 31. f4 Bg4 32. Bf3 Bxf3 33. Qxf3 Qxc4 34. fxe5 fxe5 35.
Rf1 Rf7 36. Qd1 Rxf1+ 37. Qxf1 Qxf1+ 38. Kxf1 Kf6 39. Ke2 Ke6 40. Kd3 Kd5 41. h4 b5 42.
e4+ Kc5 43. Kc3 a5 0-1

[Event "*** Titled Tuesday Blitz"]
[Site "Chess.com"]
[Date "2021.03.16"]
[Round "6"]
[White "NiranjanNavalgund"]
[Black "jefferyx"]
[Result "0-1"]
[WhiteElo "2528"]
[BlackElo "2993"]
[TimeControl "180+1"]
[EndTime "11:04:17 PDT"]
[Termination "jefferyx won by resignation"]

1. d4 g6 2. e4 Bg7 3. Nf3 d6 4.
Bc4 e6 5. h4 h6 6. Bf4 a6 7. a4 b6 8. Nc3 Bb7 9. Qe2 Nd7 10. d5 exd5 11. Bxd5 Bxd5 12. Nxd5 Bxb2 13. Rb1 Bg7 14. Qc4 Nc5 15. e5 Ne7 16. exd6 Nxd5 17.
Qxd5 O-O 18. O-O cxd6 19. a5 bxa5 20. Bxd6 Ne4 21. Qxe4 Qxd6 22. Rfd1 Qc5 23. Rd5 Qc7 24. h5 g5 25. Qf5 a4 26. Rd7 Qc4 27. Ne5 Qa2 28. Re1 Rae8 29. c4 Rxe5 30. Rxe5 Qa1+ 31. Kh2 Qxe5+ 32. Qxe5 Bxe5+ 0-1

[Event "*** Titled Tuesday Blitz"]
[Site "Chess.com"]
[Date "2021.03.16"]
[Round "6"]
[White "LubovMarkelova"]
[Black "KarateBaby"]
[Result "1-0"]
[WhiteElo "2237"]
[BlackElo "2131"]
[TimeControl "180+1"]
[EndTime "11:04:20 PDT"]
[Termination "LubovMarkelova won by resignation"]

1. Nf3 g6 2. d4 Bg7 3. c4 Nf6 4.
Nc3 d6 5. e4 O-O 6. Be2 Nbd7 7.
O-O e5 8. d5 Nc5 9. Qc2 a5 10.
Bg5 h6 11. Be3 Nfd7 12. Nd2 f5 13. f3 f4 14. Bf2 g5 15. b3 Nf6 16. a3 h5 17. b4 Na6 18. c5 g4 19. Nc4 axb4 20.
axb4 Nxb4 21. Qb3 Rxa1 22. Rxa1 Na6 23. c6 b6 24. Nxb6 cxb6 25. Bxa6 Bxa6 26. Rxa6 g3 27. hxg3 fxg3 28. Bxg3 Bh6 29. Bf2 Qe7 30. Qxb6 Kh7 31.
Ra7 1-0

[Event "*** Titled Tuesday Blitz"]
[Site "Chess.com"]
[Date "2021.03.16"]
[Round "6"]
[White "alexrustemov"]
[Black "JimmmyZhang"]
[Result "0-1"]
[WhiteElo "2776"]
[BlackElo "2551"]
[TimeControl "180+1"]
[EndTime "11:04:21 PDT"]
[Termination "JimmmyZhang won by resignation"]

1. d4 Nf6 2. c4 e6 3. Nf3 Bb4+ 4. Bd2 Bxd2+ 5. Qxd2 d5 6. e3 O-O 7. Nc3 c5 8. cxd5 Nxd5 9. dxc5 Nf6 10. Rc1 Nc6 11.
a3 b6 12. Qxd8 Rxd8 13. cxb6 axb6 14. Be2 Bb7 15. O-O Rac8 16. Rfd1 Rxd1+ 17. Nxd1 Kf8 18. Kf1 Ke7 19. Ke1 Ne4 20. Nd2 Nd6 21. Nc4 Na5 22. b3 Nxb3 23. Rb1 Nxc4 24. Rxb3 Bxg2 25. f3 Ne5 26. Kf2 Rc2 27. Rb2 Nd3+ 28. Kxg2 Nxb2 29. Kf1 Nxd1 30. Bxd1 Rxh2 31. a4 Ra2 0-1

[Event "*** Titled Tuesday Blitz"]
[Site "Chess.com"]
[Date "2021.03.16"]
[Round "6"]
[White "Skatchkov_V"]
[Black "Forantes"]
[Result "1-0"]
[WhiteElo "2617"]
[BlackElo "2426"]
[TimeControl "180+1"]
[EndTime "11:04:23 PDT"]
[Termination "Skatchkov_V won by checkmate"]

1. c4 Nf6 2. Nc3 d5 3. d4 g6 4. cxd5 Nxd5 5. Nf3 Bg7 6. g3 O-O 7. Bg2 Nc6 8. O-O Nb6 9. e3 Re8 10. Re1 a5 11. a3 e5 12. d5 Ne7 13. e4 Bg4 14. Bg5 f6 15. Bc1 c6 16. h3 Bxf3 17. Bxf3 cxd5 18. exd5 Nc4 19. Qb3 Nd6 20. Ne4 Nef5 21. Be3 Nxe3 22. Rxe3 f5 23. Nc5 e4 24. Ne6 Qf6 25. Be2 Rac8 26. Rd1 Qxb2 27. Qa4 Re7 28.
Qxa5 Rc2 29. Qd8+ Re8 30. Qxd6 Rxe2 31. Qd7 Rxe6 32. dxe6 Rxf2 33. Qf7+ Kh8 34. Rd8+ Bf8 35. Rxf8# 1-0

[Event "*** Titled Tuesday Blitz"]
[Site "Chess.com"]
[Date "2021.03.16"]
[Round "6"]
[White "ARTHURMOTIVATOR"]
[Black "FMJoseHerrera"]
[Result "1-0"]
[WhiteElo "2377"]
[BlackElo "2523"]
[TimeControl "180+1"]
[EndTime "11:04:29 PDT"]
[Termination "ARTHURMOTIVATOR won by checkmate"]

1. e4 c5 2. b3 e6 3. Bb2 a6 4.
Nf3 Qc7 5. d4 cxd4 6. Nxd4 b6 7.
Bd3 Bb7 8. O-O d6 9. c3 Nd7 10. Nd2 Ngf6 11. Qe2 Be7 12. Rae1 Rc8 13. c4 h5 14. Kh1 h4 15. h3 Qb8 16. N2f3 Nh5 17. Qd2 Ne5 18. Bc2 Rg8 19. Ng5 Ng6 20. e5 Nxe5 21.
Ndxe6 fxe6 22. Rxe5 dxe5 23. Bg6+ Kf8 24. Nxe6# 1-0